AoeStats
← naphtaligrauer16

Northern Isles

510848298Analyzed
1v1 RM · 1d ago on Oct 2, 2026· 26m 4s· 2 players
Game mode
Random Map
Map size
Tiny (2 player)
Population
200
Speed
Normal
Resources
Standard
Victory
Conquest
Starting age
Dark Age
Ending age
Imperial Age
RankedLock teamsTeams togetherTeam positionsShared explorationLock speedFull tech treeHidden civsTurbo modeCheats
Victory
Defeat
🇩🇪 Goths · Germany
1479
+15
🇹🇷 Byzantines · Türkiye
1468
-15
sefakcaoglu
8:44 Loom
10:53 Feudal Age
15:24 Castle Age
15:10 Fletching
16:03 Double-Bit Axe
16:40 Bodkin Arrow
17:50 Double-Bit Axe
22:02 Crossbowman
24:48 Padded Archer Armor
26:01 Wheelbarrow
naphtaligrauer16
6:20 Loom
10:28 Feudal Age
10:43 Man-at-Arms
12:49 Horse Collar
17:19 Scale Mail Armor
19:51 Castle Age
19:53 Fletching
20:15 Elite Skirmisher
20:53 Bodkin Arrow
21:32 Padded Archer Armor
26:28 Squires
26:30 Scale Mail Armor
26:40 Forging
Connection lost

Rejoining the realm…

Still unreachable

The connection could not be restored.

Session expired

The server has moved on; the page needs a fresh start.